TOP OF THE 1ST |
Shelby HS Rockets batting - Pitching for Santa Fe HS Chiefs : LHP Eric Knox
|
Pitching: LHP Eric Knox
|
|
Batting: RHB Scotty Hicks
|
0-0: Ball 1-0: Ball 2-0: Ground out 5-3 (Groundball, 5)
|
Batting: RHB John Pineau
|
0-0: Called Strike 0-1: Ball 1-1: Called Strike 1-2: Foul Ball, location: 2F 1-2: Foul Ball, location: 2F 1-2: Foul Ball, location: 2F 1-2: Ball 2-2: Foul Ball, location: 2F 2-2: Ball 3-2: Base on Balls
|
Batting: RHB Jake Erickson
|
0-0: Ball 1-0: Ball 2-0: Ball 3-0: Base on Balls John Pineau to second
|
Batting: RHB Tommy Davenport
|
0-0: Fly out, F9 (Flyball, 9M)
|
Batting: RHB Rich Crabtree
|
0-0: Ball 1-0: Ball 2-0: Called Strike 2-1: Called Strike 2-2: Fly out, F9 (Line Drive, 9M)
|
Top of the 1st over - 0 run(s), 0 hit(s), 0 error(s), 2 left on base; Shelby HS 0 - Santa Fe HS 0 |
BOTTOM OF THE 1ST |
Santa Fe HS Chiefs batting - Pitching for Shelby HS Rockets : RHP Matt Barlow
|
Pitching: RHP Matt Barlow
|
|
Batting: LHB Derrek Robinson
|
0-0: Called Strike 0-1: Called Strike 0-2: Ball 1-2: Strikes out swinging
|
Batting: RHB Thomas Barnes
|
0-0: Swinging Strike 0-1: Ball 1-1: Called Strike 1-2: Foul Ball, location: 2F 1-2: Strikes out looking
|
Batting: SHB Oliver Riley
|
0-0: SINGLE (Flyball, 89S)
|
Batting: RHB Ben Ware
|
0-0: Ball Oliver Riley is caught stealing 2nd base
|
Bottom of the 1st over - 0 run(s), 1 hit(s), 0 error(s), 0 left on base; Shelby HS 0 - Santa Fe HS 0 |
TOP OF THE 2ND |
Shelby HS Rockets batting - Pitching for Santa Fe HS Chiefs : LHP Eric Knox
|
Batting: RHB David Randall
|
0-0: Called Strike 0-1: Foul Ball, location: 2F 0-2: Ball 1-2: Strikes out swinging
|
Batting: SHB Cornell Payne
|
0-0: Ball 1-0: Ball 2-0: SOLO HOME RUN (Flyball, 7LD), Distance : 368 ft
|
Batting: LHB Justin Tubridy
|
0-0: Called Strike 0-1: Ball 1-1: Ball 2-1: Ball 3-1: Foul Ball, location: 2F 3-2: Base on Balls
|
Batting: RHB Don Jackson
|
0-0: Called Strike 0-1: Ball 1-1: Ball 2-1: Fly out, F3 (Popup, 3SF)
|
Batting: RHB Scotty Hicks
|
0-0: Called Strike 0-1: SINGLE (Line Drive, 78S) Justin Tubridy to second
|
Batting: RHB John Pineau
|
0-0: Ball 1-0: Ball 2-0: Called Strike 2-1: Foul Ball, location: 2F 2-2: Foul Ball, location: 2F 2-2: Ball 3-2: Fly out, F3 (Popup, 3SF)
|
Top of the 2nd over - 1 run(s), 2 hit(s), 0 error(s), 2 left on base; Shelby HS 1 - Santa Fe HS 0 |
BOTTOM OF THE 2ND |
Santa Fe HS Chiefs batting - Pitching for Shelby HS Rockets : RHP Matt Barlow
|
Batting: RHB Ben Ware
|
0-0: Swinging Strike 0-1: Called Strike 0-2: Strikes out swinging
|
Batting: SHB Walton Locke
|
0-0: Called Strike 0-1: Called Strike 0-2: Foul Ball, location: 2F 0-2: Ball 1-2: Strikes out swinging
|
Batting: RHB Ron Kramer
|
0-0: Fly out, F4 (Popup, 4)
|
Bottom of the 2nd over - 0 run(s), 0 hit(s), 0 error(s), 0 left on base; Shelby HS 1 - Santa Fe HS 0 |
TOP OF THE 3RD |
Shelby HS Rockets batting - Pitching for Santa Fe HS Chiefs : LHP Eric Knox
|
Batting: RHB Jake Erickson
|
0-0: Ball 1-0: Foul Ball, location: 2F 1-1: Ball 2-1: Ball 3-1: Ground out 6-3 (Groundball, 6)
|
Batting: RHB Tommy Davenport
|
0-0: Swinging Strike 0-1: Foul Ball, location: 2F 0-2: Ball 1-2: Fly out, F9 (Flyball, 9LS)
|
Batting: RHB Rich Crabtree
|
0-0: Ball 1-0: Swinging Strike 1-1: Called Strike 1-2: Strikes out swinging
|
Top of the 3rd over - 0 run(s), 0 hit(s), 0 error(s), 0 left on base; Shelby HS 1 - Santa Fe HS 0 |
BOTTOM OF THE 3RD |
Santa Fe HS Chiefs batting - Pitching for Shelby HS Rockets : RHP Matt Barlow
|
Batting: SHB Ernest Hood
|
0-0: Ball 1-0: Called Strike 1-1: Ball 2-1: Foul Ball, location: 2F 2-2: SOLO HOME RUN (Flyball, 8LXD), Distance : 446 ft
|
Batting: RHB Brady Holland
|
0-0: Ball 1-0: Ball 2-0: Called Strike 2-1: Called Strike 2-2: Strikes out swinging
|
Batting: RHB Kevin Cochrane
|
0-0: Called Strike 0-1: Foul Ball, location: 2F 0-2: Foul Ball, location: 2F 0-2: Strikes out looking
|
Batting: LHB Derrek Robinson
|
0-0: Ball 1-0: Ball 2-0: Swinging Strike 2-1: Ball 3-1: Swinging Strike 3-2: Strikes out swinging
|
Bottom of the 3rd over - 1 run(s), 1 hit(s), 0 error(s), 0 left on base; Shelby HS 1 - Santa Fe HS 1 |
TOP OF THE 4TH |
Shelby HS Rockets batting - Pitching for Santa Fe HS Chiefs : LHP Eric Knox
|
Batting: RHB David Randall
|
0-0: Foul Ball, location: 2F 0-1: Called Strike 0-2: Hit by Pitch
|
Batting: SHB Cornell Payne
|
0-0: Called Strike 0-1: Swinging Strike 0-2: Fielders Choice at 2nd, 5-4 (Groundball, 56)
|
Batting: LHB Justin Tubridy
|
0-0: Called Strike 0-1: Ball 1-1: Foul Ball, location: 2F 1-2: Strikes out looking
|
Batting: RHB Don Jackson
|
0-0: Ball Cornell Payne is caught stealing 2nd base
|
Top of the 4th over - 0 run(s), 0 hit(s), 0 error(s), 0 left on base; Shelby HS 1 - Santa Fe HS 1 |
BOTTOM OF THE 4TH |
Santa Fe HS Chiefs batting - Pitching for Shelby HS Rockets : RHP Matt Barlow
|
Batting: RHB Thomas Barnes
|
0-0: Called Strike 0-1: Ball 1-1: Ball 2-1: Foul Ball, location: 2F 2-2: Strikes out swinging
|
Batting: SHB Oliver Riley
|
0-0: Swinging Strike 0-1: Ball 1-1: Called Strike 1-2: Foul Ball, location: 2F 1-2: Ball 2-2: Ball 3-2: Base on Balls
|
Batting: RHB Ben Ware
|
0-0: Called Strike 0-1: Foul Ball, location: 2F 0-2: Strikes out looking
|
Batting: SHB Walton Locke
|
0-0: Ball 1-0: Fly out, F8 (Flyball, 8RM)
|
Bottom of the 4th over - 0 run(s), 0 hit(s), 0 error(s), 1 left on base; Shelby HS 1 - Santa Fe HS 1 |
TOP OF THE 5TH |
Shelby HS Rockets batting - Pitching for Santa Fe HS Chiefs : LHP Eric Knox
|
Batting: RHB Don Jackson
|
0-0: Ball 1-0: TRIPLE (Flyball, 9M)
|
Batting: RHB Scotty Hicks
|
0-0: Intentional Walk
|
Batting: RHB John Pineau
|
0-0: Ball Scotty Hicks is caught stealing 2nd base 1-0: Called Strike 1-1: Foul Ball, location: 2F 1-2: Foul Ball, location: 2F 1-2: Ball 2-2: Foul Ball, location: 2F 2-2: Ground out 5-3 (Groundball, 56)
|
Pitching: RHP Don Jones
|
|
Batting: RHB Jake Erickson
|
0-0: Ball 1-0: Swinging Strike 1-1: Foul Ball, location: 2F 1-2: Reached on error, E5 (Groundball, 5S) Don Jackson scores
|
Batting: RHB Tommy Davenport
|
0-0: Ball 1-0: Called Strike 1-1: Fly out, F6 (Popup, 5D)
|
Top of the 5th over - 1 run(s), 1 hit(s), 1 error(s), 1 left on base; Shelby HS 2 - Santa Fe HS 1 |
BOTTOM OF THE 5TH |
Santa Fe HS Chiefs batting - Pitching for Shelby HS Rockets : RHP Matt Barlow
|
Batting: RHB Ron Kramer
|
0-0: Called Strike 0-1: Ball 1-1: Ball 2-1: Swinging Strike 2-2: Foul Ball, location: 2F 2-2: Fly out, F7 (Flyball, 78S)
|
Batting: SHB Ernest Hood
|
0-0: Called Strike 0-1: Foul Ball, location: 2F 0-2: Strikes out looking
|
Batting: RHB Brady Holland
|
0-0: Foul Ball, location: 2F 0-1: Ground out 5-3 (Groundball, 5S)
|
Bottom of the 5th over - 0 run(s), 0 hit(s), 0 error(s), 0 left on base; Shelby HS 2 - Santa Fe HS 1 |
TOP OF THE 6TH |
Shelby HS Rockets batting - Pitching for Santa Fe HS Chiefs : RHP Don Jones
|
Batting: RHB Rich Crabtree
|
0-0: Reached on error, E6 (Groundball, 6)
|
Batting: RHB David Randall
|
0-0: Called Strike 0-1: Ground out 1-3 (Groundball, 23) Rich Crabtree to third
|
Batting: SHB Cornell Payne
|
0-0: Ball 1-0: Ball 2-0: Swinging Strike 2-1: Foul Ball, location: 2F 2-2: Strikes out swinging
|
Batting: LHB Justin Tubridy
|
0-0: Ball 1-0: Foul Ball, location: 2F 1-1: Fly out, F9 (Flyball, 89S)
|
Top of the 6th over - 0 run(s), 0 hit(s), 1 error(s), 1 left on base; Shelby HS 2 - Santa Fe HS 1 |
BOTTOM OF THE 6TH |
Santa Fe HS Chiefs batting - Pitching for Shelby HS Rockets : RHP Matt Barlow
|
Batting: RHB Kevin Cochrane
|
0-0: Ball 1-0: Foul Ball, location: 2F 1-1: Ground out 6-3 (Groundball, 56S)
|
Batting: LHB Derrek Robinson
|
0-0: Foul Ball, location: 2F 0-1: Ball 1-1: Ball 2-1: Fly out, F7 (Flyball, 78M)
|
Batting: RHB Thomas Barnes
|
0-0: Foul Ball, location: 2F 0-1: Foul Ball, location: 2F 0-2: Ball 1-2: Ball 2-2: Strikes out swinging passed ball, reaches first!
|
Pitching: RHP Mike Sceviour
|
|
Batting: SHB Oliver Riley
|
0-0: DOUBLE (Groundball, 5L) Thomas Barnes to third Runner from 3rd tries for Home, throw and OUT!
|
Bottom of the 6th over - 0 run(s), 1 hit(s), 0 error(s), 1 left on base; Shelby HS 2 - Santa Fe HS 1 |
TOP OF THE 7TH |
Shelby HS Rockets batting - Pitching for Santa Fe HS Chiefs : RHP Don Jones
|
Batting: RHB Don Jackson
|
0-0: Ball 1-0: Foul Ball, location: 2F 1-1: Foul Ball, location: 2F 1-2: Strikes out swinging
|
Batting: RHB Scotty Hicks
|
0-0: SINGLE (Line Drive, 7S)
|
Batting: RHB John Pineau
|
0-0: Called Strike 0-1: Called Strike 0-2: Ball 1-2: Ball 2-2: Strikes out swinging
|
Batting: RHB Jake Erickson
|
0-0: Ball 1-0: Ball 2-0: Ball 3-0: Called Strike 3-1: 2-RUN HOME RUN (Flyball, 78XD), Distance : 432 ft
|
Batting: RHB Tommy Davenport
|
0-0: SINGLE (Groundball, 5D)
|
Batting: RHB Rich Crabtree
|
0-0: Ground out 5-3 (Groundball, 56S)
|
Top of the 7th over - 2 run(s), 3 hit(s), 0 error(s), 1 left on base; Shelby HS 4 - Santa Fe HS 1 |
BOTTOM OF THE 7TH |
Santa Fe HS Chiefs batting - Pitching for Shelby HS Rockets : RHP Mike Sceviour
|
Batting: RHB Ben Ware
|
0-0: Ball 1-0: Swinging Strike 1-1: Ball 2-1: Foul Ball, location: 2F 2-2: Foul Ball, location: 2F 2-2: Foul Ball, location: 2F 2-2: Foul Ball, location: 2F 2-2: Ball 3-2: Ground out 6-3 (Groundball, 56)
|
Batting: SHB Walton Locke
|
0-0: Ball 1-0: Swinging Strike 1-1: Swinging Strike 1-2: Foul Ball, location: 2F 1-2: Strikes out looking
|
Batting: RHB Ron Kramer
|
0-0: Foul Ball, location: 2F 0-1: Foul Ball, location: 2F 0-2: Ball 1-2: Ball 2-2: Strikes out looking
|
Bottom of the 7th over - 0 run(s), 0 hit(s), 0 error(s), 0 left on base; Shelby HS 4 - Santa Fe HS 1 |
TOP OF THE 8TH |
Shelby HS Rockets batting - Pitching for Santa Fe HS Chiefs : RHP Don Jones
|
Pitching: RHP Rob Bolton
|
|
Batting: RHB David Randall
|
0-0: Foul Ball, location: 2F 0-1: Fly out, F9 (Line Drive, 9M)
|
Batting: SHB Cornell Payne
|
0-0: SINGLE (Groundball, 6M)
|
Batting: LHB Justin Tubridy
|
0-0: Hit by Pitch Cornell Payne to second
|
Batting: RHB Don Jackson
|
0-0: Called Strike 0-1: Ball 1-1: Foul Ball, location: 2F 1-2: Strikes out swinging
|
Batting: RHB Scotty Hicks
|
0-0: Ball 1-0: Ball 2-0: Called Strike 2-1: Fly out, F8 (Flyball, 8RM)
|
Top of the 8th over - 0 run(s), 1 hit(s), 0 error(s), 2 left on base; Shelby HS 4 - Santa Fe HS 1 |
BOTTOM OF THE 8TH |
Santa Fe HS Chiefs batting - Pitching for Shelby HS Rockets : RHP Mike Sceviour
|
Batting: SHB Ernest Hood
|
0-0: Ball 1-0: SINGLE (Line Drive, 56D)
|
Pitching: RHP Jason Willis
|
|
Batting: RHB Brady Holland
|
0-0: Ground out 4-3 (Groundball, 4M) Ernest Hood to second
|
Batting: RHB Kevin Cochrane
|
0-0: Called Strike 0-1: Called Strike 0-2: Foul Ball, location: 2F 0-2: Foul Ball, location: 2F 0-2: Foul Ball, location: 2F 0-2: Foul Ball, location: 2F 0-2: Strikes out swinging
|
Pitching: LHP Bernardo Dodson
|
|
Batting: LHB Derrek Robinson
|
0-0: Called Strike 0-1: Ball 1-1: Called Strike 1-2: Ball 2-2: Foul Ball, location: 2F 2-2: Ball 3-2: Foul Ball, location: 2F 3-2: Base on Balls
|
Pitching: RHP Ken Ham
|
|
Batting: RHB Thomas Barnes
|
0-0: Ball 1-0: Called Strike 1-1: Ball 2-1: Reached on error, E6 (Groundball, 6) Ernest Hood scores Derrek Robinson to third
|
Batting: SHB Oliver Riley
|
0-0: Foul Ball, location: 2F 0-1: Ground out 4-3 (Groundball, 4)
|
Bottom of the 8th over - 1 run(s), 1 hit(s), 1 error(s), 2 left on base; Shelby HS 4 - Santa Fe HS 2 |
TOP OF THE 9TH |
Shelby HS Rockets batting - Pitching for Santa Fe HS Chiefs : RHP Rob Bolton
|
Batting: RHB John Pineau
|
0-0: Ball 1-0: Called Strike 1-1: Ground out 6-3 (Groundball, 6M)
|
Batting: RHB Jake Erickson
|
0-0: Fly out, F8 (Flyball, 8LD)
|
Batting: RHB Tommy Davenport
|
0-0: Ball 1-0: Foul Ball, location: 2F 1-1: Fly out, F9 (Flyball, 9M)
|
Top of the 9th over - 0 run(s), 0 hit(s), 0 error(s), 0 left on base; Shelby HS 4 - Santa Fe HS 2 |
BOTTOM OF THE 9TH |
Santa Fe HS Chiefs batting - Pitching for Shelby HS Rockets : RHP Ken Ham
|
Pitching: LHP Gonzalo Tobías
|
|
Batting: RHB Ben Ware
|
0-0: Ball 1-0: Foul Ball, location: 2F 1-1: Foul Ball, location: 2F 1-2: Fly out, F1 (Popup, 23F)
|
Batting: SHB Walton Locke
|
0-0: Ground out 5-3 (Groundball, 5S)
|
Batting: RHB Ron Kramer
|
0-0: Called Strike 0-1: Ground out 6-3 (Groundball, 6M)
|
Bottom of the 9th over - 0 run(s), 0 hit(s), 0 error(s), 0 left on base; Shelby HS 4 - Santa Fe HS 2 |
|